cohdb
Replays
Latest Replays
All Replays
Popular Replays
Top Player Replays
Match Explorer
How It Works
Community
CoH3 Stats
Reddit
Sign in to upload your games and track your stats! →
Sign in with Steam
Match 40279911
Unlisted
Match 40279911
Overview
Messages
Build Orders
End
Construct Section Command Post
Selects Heavy Armor Battlegroup
Infantry Section
ML 3-inch Mortar Team
Infantry Section
Infantry Section
Construct Platoon Command Post
Humber Armored Car
Selects Rigorous Vehicle Training
Infantry Training
Selects Light Vehicle Withdraw and Refit
6-pounder Anti-tank Gun Team
Light Vehicle Withdraw and Refit
Selects Forward Repair Assembly
Construct Company Command Post
Selects UNKNOWN (202330)
Crusader AA Medium Tank
6-pounder Anti-tank Gun Team
CMP 15cwt Truck
Dahlian
Turtleboy
Jackson
RoXoR
Bananenratte
猫凪紗
0
0
Comments
sign in to comment!
No comments posted yet!